 Dungeon Crawl Stone Soup version 0.25-a0-55-g0753fd1ad2 (webtiles) character file.

Game seed: 6654405767623220520, levelgen mode: deterministic

46 Arixos the Slasher (level 3, -3/20 HPs)
             Began as a Vine Stalker Monk on Oct 25, 2019.
             Slain by Jessica
             ... wielding a +0 dagger
              (5 damage)
             ... on level 2 of the Dungeon.
             The game lasted 00:02:44 (1219 turns).

Arixos the Slasher (Vine Stalker Monk)              Turns: 1219, Time: 00:02:44

Health: -3/20      AC:  3    Str: 14    XL:     3   Next: 68%
Magic:  0/4        EV: 13    Int: 10    God:
Gold:   60         SH:  0    Dex: 16    Spells: 2/2 levels left

rFire    . . .     SeeInvis .   a - +0 falchion
rCold    . . .     Gourm    .   (no shield)
rNeg     . . .     Faith    .   d - +0 leather armour
rPois    .         Spirit   +   (no helmet)
rElec    .         Reflect  .   (no cloak)
rCorr    .         Harm     .   (no gloves)
MR       .....                  (no boots)
Stlth    ++........             (no amulet)
HPRegen  0.06/turn              (no ring)
MPRegen  0.09/turn              (no ring)

@: slowed, very slow
A: fangs 2, magic shield, antimagic bite, no potion heal 3, rot immunity
a: no special abilities


You were on level 2 of the Dungeon.
You were not hungry.

You visited 1 branch of the dungeon, and saw 2 of its levels.

You collected 60 gold pieces.

Inventory:

Hand Weapons
 a - a +0 falchion (weapon)
Armour
 b - a +0 robe
 d - a +0 leather armour (worn)
Scrolls
 e - a scroll of amnesia {unknown}
 g - a scroll of fog {unknown}
Potions
 f - a potion of agility {unknown}
 i - 2 potions of heal wounds {unknown}
 j - a potion of brilliance {unknown}
Comestibles
 c - 2 rations
 h - 3 chunks of flesh


   Skills:
 + Level 3.1 Fighting
 + Level 3.1 Long Blades
 + Level 1.0 Armour
 + Level 2.8 Dodging
 - Level 2.4 Stealth


You had 2 spell levels left.
You didn't know any spells.
Your spell library was empty.

Dungeon Overview and Level Annotations

Branches:
Dungeon (2/15)

Altars:

Annotations:
D:2 Jessica


Innate Abilities, Weirdness & Mutations

You have extremely sharp teeth.
When hurt, damage is shared between your health and your magic reserves.
Your bite disrupts and absorbs the magic of your enemies.
Potions cannot restore your health.
You are immune to rotting.


Message History

Jessica hits you with a +0 dagger. x2
* * * LOW HITPOINT WARNING * * *
You hit Jessica but do no damage. Your bite misses Jessica.
Jessica is heavily wounded.
Jessica hits you but does no damage. Jessica hits you with a +0 dagger.
* * * LOW HITPOINT WARNING * * *
Jessica falters for a moment.
You closely miss Jessica.
Jessica is heavily wounded.
Jessica hits you but does no damage. Jessica misses you.
You barely miss Jessica. Your bite misses Jessica.
Jessica is heavily wounded.
Jessica hits you but does no damage. Jessica hits you with a +0 dagger.
* * * LOW HITPOINT WARNING * * *
Jessica barely misses you.
You hit Jessica but do no damage. You bite Jessica.
Jessica's magic leaks into the air.
You drain her magic.
You feel invigorated.
Jessica is heavily wounded.
Jessica hits you with a +0 dagger.
You die...

#...)..#......# # #
#.##.#...####.# #
#.##.##.##### #.# #
#.......# #.#### #
####.#### #....# #
###...# ####### #....#
########.#...# #.....#
##...#
.....##......###.....#
##.##
................@@...#
#.#
............####.....#
#.# ######......#
#.....# #.# # ##...#.#
####### ##.# # ##.##.#
#..# # ####.# #######
#.## . #.# #.....# #.#
## #.# #.###.# #.#
#.###.###.#####.#


You could see Jessica.

Vanquished Creatures
  2 adders (D:2)
  A worm (D:2)
  5 bats (D:1)
  3 goblins (D:2)
  7 hobgoblins
  A kobold (D:2)
  2 frilled lizards
  4 rats
25 creatures vanquished.

Notes
Turn   | Place    | Note
-------+----------+-------------------------------------------
     0 | D:1      | Arixos the Vine Stalker Monk began the quest for the Orb.
     0 | D:1      | Reached XP level 1. HP: 11/11 MP: 2/2
   314 | D:1      | Reached XP level 2. HP: 15/16 MP: 3/3
   707 | D:2      | Reached XP level 3. HP: 15/20 MP: 4/4
   788 | D:2      | Reached skill level 1 in Armour
  1204 | D:2      | Noticed Jessica
  1219 | D:2      | Slain by Jessica

Levels and vault maps discovered:
D:1:      sevenhm_arrival_forest_fort_large_4, layout_rooms
D:2:      layout_loops_cross, overflow_temple_1_default, first_ration,
          uniq_jessica

Table legend:
 A = Non-vault XP
 B = Vault XP
 C = Vault XP percentage of total XP
 D = Non-vault monster count
 E = Vault monster count
 F = Vault count percentage of total count
                 A         B        C        D         E       F
            +---------+---------+-------+---------+---------+-------
      Total |      67 |       0 |   0.0 |      25 |       0 |   0.0
            +---------+---------+-------+---------+---------+-------
        D:1 |      22 |       0 |   0.0 |      14 |       0 |   0.0
        D:2 |      45 |       0 |   0.0 |      11 |       0 |   0.0
            +---------+---------+-------+---------+---------+-------
